 Dungeon Crawl Stone Soup version 0.31.0-11-ge490571c62 (webtiles) character file.

Game seed: 17590519481207236980

251 qw the Shooter (level 5, -2/28 HPs)
             Began as a Spriggan Hunter on Feb 5, 2024.
             Was a Follower of Okawaru.
             Killed from afar by Ijyb (20 damage)
             ... with a bolt of acid
             ... on level 4 of the Dungeon.
             The game lasted 00:00:46 (2331 turns).

qw the Shooter (Spriggan Hunter)                    Turns: 2331, Time: 00:00:47

Health: -2/28      AC: -1    Str:  7    XL:     5   Next: 88%
Magic:  6/6        EV: 20    Int: 10    God:    Okawaru [*.....]
Gold:   125        SH:  0    Dex: 21    Spells: 4/4 levels left

rFire   . . .        a - +0 shortbow
rCold   . . .        (shield currently unavailable)
rNeg    . . .        c - +0 robe
rPois   .            (helmet restricted)
rElec   .            e - +0 cloak
rCorr   .            (gloves unavailable)
SInv    +            (boots unavailable)
Will    .....        (no amulet)
Stlth   ++           (no ring)
HPRegen 0.24/turn    (no ring)
MPRegen 0.10/turn

%: no passive effects
@: corroded, very quick
A: very small, no large weapons, unfitting armour, see invisible, speed 3
a: Renounce Religion, Heroism


You were on level 4 of the Dungeon.
You worshipped Okawaru.
Okawaru was aware of your devotion.
You visited 1 branch of the dungeon, and saw 4 of its levels.

You collected 125 gold pieces.


Innate Abilities, Weirdness & Mutations

You are very small and have problems with some larger weapons.
You are too small for most types of armour.
You have supernaturally acute eyesight. (SInv)
You cover ground extremely quickly. (Speed+++)


   Skills:
 - Level 3.0 Fighting
 + Level 5.6 Ranged Weapons
 - Level 5.0 Dodging
 - Level 1.5 Stealth
 + Level 0.0 Invocations


You had 4 spell levels left.
You didn't know any spells.
Your spell library was empty.

Inventory:

Hand Weapons
 a - a +0 shortbow (weapon)
Armour
 c - a +0 robe (worn)
 e - a +0 cloak (worn)
Jewellery
 f - a ring of fire
Scrolls
 h - a scroll of identify
Potions
 b - a potion of heal wounds
 d - a potion of brilliance {unknown}
 g - 2 potions of curing
 i - a potion of haste {unknown}

Dungeon Overview and Level Annotations

Branches:
Dungeon (4/15)
 Temple: D:4-7

Altars:
Okawaru

Shops:
D:3 =

Annotations:
D:3 3 runed translucent doors, qw's ghost, amateur DEHu
D:4 Ijyb


Message History

The adder completely misses you.
You shoot an arrow. The arrow closely misses the adder.
The adder completely misses you. The adder bites you but does no damage.
You shoot an arrow. The arrow hits the adder!
The adder is almost dead.
The adder closely misses you.
You shoot an arrow. The arrow closely misses the adder.
The adder bites you but does no damage. The adder bites you.
You shoot an arrow. The arrow closely misses the adder.
The adder completely misses you.
You shoot an arrow. The arrow closely misses the adder.
The adder closely misses you.
You shoot an arrow. The arrow hits the adder.
You kill the adder!
Okawaru accepts your kill.
You can now gain great but temporary skills.
You start resting.
HP restored.
You see here an adder corpse.
Ijyb the Twisted Goblin comes into view.
She is wielding a +6 club and carrying a wand of acid.
You shoot an arrow. The arrow hits Ijyb but does no damage.
Ijyb shouts!
You shoot an arrow. The arrow hits Ijyb but does no damage.
You shoot an arrow. The arrow hits Ijyb!
Ijyb is moderately wounded.
Ijyb zaps a wand.
The bolt of acid misses you.
You shoot an arrow. The arrow hits Ijyb.
Ijyb is heavily wounded.
An endoplasm comes into view.
Ijyb screams, "I dance on your bones!"
Ijyb zaps a wand.
The bolt of acid hits you! The acid corrodes you!
You shoot an arrow. The arrow hits Ijyb but does no damage.
Ijyb is heavily wounded.
You shoot an arrow. The arrow hits Ijyb but does no damage.
Ijyb is heavily wounded.
You shoot an arrow. The arrow barely misses Ijyb.
The arrow hits the endoplasm.
The endoplasm is lightly wounded.
Ijyb zaps a wand.
The bolt of acid hits you!!
Ouch! That really hurt!
You die...

#...#.........#
..............#####....#
#####.........#........#
#.........#........# #
###.#######........# #
#.# #..J.... # #.#
#..g..# #######.#
#.....#
........#######.@...#.#
........................
#####################.##
#### .... #### # #


You could see Ijyb and an endoplasm.

Vanquished Creatures
  A black bear (D:4)
  A jelly (D:2)
  A hound (D:4)
  3 adders
  2 dart slugs
  2 ball pythons
  7 endoplasms
  5 giant cockroaches
  6 goblins
  7 hobgoblins
  2 jackals (D:2)
  2 quokkas (D:1)
  7 bats
  9 kobolds
  8 rats
63 creatures vanquished.

Notes
Turn   | Place    | Note
-------+----------+-------------------------------------------
     0 | D:1      | qw the Spriggan Hunter began the quest for the Orb.
     0 | D:1      | Reached XP level 1. HP: 10/10 MP: 2/2
     0 | D:1      | 0 ||| qw: Version: 0.3-a-160-g6735b56
     0 | D:1      | 0 ||| qw: Game counter: 6428
     0 | D:1      | 0 ||| qw: Melee chars always use a shield: true
     0 | D:1      | 0 ||| qw: God list: Okawaru
     0 | D:1      | 0 ||| qw: Allow faded altars: false
     0 | D:1      | 0 ||| qw: Do Orc after clearing Dungeon:15 true
     0 | D:1      | 0 ||| qw: Do second Lair branch before Depths: true
     0 | D:1      | 0 ||| qw: Lair rune preference: random
     0 | D:1      | 0 ||| qw: Goals: Normal
     0 | D:1      | 0 ||| PLANNING D:1-11
    49 | D:1      | Reached skill level 3 in Dodging
   234 | D:1      | Reached XP level 2. HP: 14/14 MP: 3/3
   501 | D:1      | Reached XP level 3. HP: 18/18 MP: 4/4
   896 | D:1      | 896 ||| UPGRADING to +0 cloak.
   901 | D:1      | 901 ||| READING scroll labelled NIDGHIC OZITTE.
   901 | D:1      | 901 ||| IDENTIFYING ruby potion
   902 | D:1      | 902 ||| READING scroll labelled CIPHUAKHUYR.
   907 | D:1      | 907 ||| READING scroll labelled HOESAO PISH.
   908 | D:1      | 908 ||| DROPPING scroll of butterflies.
   996 | D:2      | Reached XP level 4. HP: 22/22 MP: 5/5
  1513 | D:2      | 1513 ||| READING scroll of identify.
  1513 | D:2      | 1513 ||| IDENTIFYING lumpy pink potion
  1514 | D:2      | 1514 ||| READING scroll labelled CUWUITONGO.
  1537 | D:3      | Found Dummacroe's Jewellery Shop.
  1542 | D:3      | 1542 ||| SHOPLISTING amulet of guardian spirit (330 gold,
                  | have 102).
  1542 | D:3      | 1542 ||| SHOPLISTING amulet of regeneration (330 gold, have
                  | 102).
  1542 | D:3      | 1542 ||| SHOPLISTING amulet of the acrobat (330 gold, have
                  | 102).
  1542 | D:3      | 1542 ||| SHOPLISTING ring "Fahethres" {rElec Will+ Dex+3
                  | SInv Stlth+} (480 gold, have 102).
  1542 | D:3      | 1542 ||| SHOPLISTING ring of ice (275 gold, have 102).
  1611 | D:3      | Found a runed translucent gate.
  1611 | D:3      | Found a runed translucent gate.
  1612 | D:3      | Found a runed translucent gate.
  1619 | D:3      | Noticed qw's ghost (amateur DEHu)
  1766 | D:3      | Found an iron altar of Okawaru.
  1767 | D:3      | 1767 ||| PLANNING OKAWARU WORSHIP
  1767 | D:3      | 1767 ||| READING scroll of identify.
  1767 | D:3      | 1767 ||| IDENTIFYING fuming golden potion
  1768 | D:3      | 1768 ||| DROPPING potion of attraction.
  1776 | D:3      | Became a worshipper of Warmaster Okawaru
  1777 | D:3      | 1777 ||| PLANNING D:1-11
  2092 | D:4      | Noticed a black bear
  2099 | D:4      | Killed a black bear
  2100 | D:4      | Reached skill level 3 in Fighting
  2100 | D:4      | Reached XP level 5. HP: 28/28 MP: 6/6
  2300 | D:4      | Reached * piety under Okawaru
  2324 | D:4      | Noticed Ijyb
  2331 | D:4      | Killed from afar by Ijyb

Levels and vault maps discovered:
D:1:      minmay_arrival_checkered_box, layout_loops_corners
D:2:      layout_loops_ring, minivault_27
D:3:      layout_basic, okawaru_trees_1, serial_shops, shop,
          gammafunk_ghost_split
D:4:      layout_basic, ebering_ghost_disaster_area, serial_shops, shop,
          uniq_ijyb

Skill      XL: |  1  2  3  4 |
---------------+-------------+-----
Dodging        | 3 4 5 |  5.0
Ranged Weapons | 5 |  5.6
Fighting       | 3 |  3.0
Stealth        | |  1.5

Action                     |  1- 3 |  4- 6 || total
---------------------------+-------+-------++-------
   Fire: Shortbow          |    88 |    99 ||   187
    Use: Scroll            |     3 |     3 ||     6
 Armour: Robe              |    10 |    11 ||    21
  Dodge: Dodged            |    20 |    41 ||    61

Table legend:
 A = Non-vault XP
 B = Vault XP
 C = Vault XP percentage of total XP
 D = Non-vault monster count
 E = Vault monster count
 F = Vault count percentage of total count
                 A         B        C        D         E       F
            +---------+---------+-------+---------+---------+-------
      Total |     359 |       0 |   0.0 |      63 |       0 |   0.0
            +---------+---------+-------+---------+---------+-------
        D:1 |      47 |       0 |   0.0 |      28 |       0 |   0.0
        D:2 |      83 |       0 |   0.0 |      15 |       0 |   0.0
        D:3 |      39 |       0 |   0.0 |      15 |       0 |   0.0
        D:4 |     190 |       0 |   0.0 |       5 |       0 |   0.0
            +---------+---------+-------+---------+---------+-------
